 Dungeon Crawl Stone Soup version 0.28.0 (webtiles) character file.

Game seed: 7034172978793344210

1989 Esekla the Slasher (level 9, -3/66 HPs)
             Began as a Formicid Wanderer on Feb 8, 2022.
             Slain by a hornet zombie (7 damage)
             ... on level 8 of the Dungeon.
             The game lasted 00:55:19 (11325 turns).

Esekla the Slasher (Formicid Wanderer)             Turns: 11325, Time: 00:55:20

Health: -3/66      AC:  6    Str: 21    XL:     9   Next: 44%
Magic:  2/15       EV: 12    Int: 16    God:
Gold:   200        SH:  0    Dex: 12    Spells: 10/16 levels left

rFire   + + .      SeeInvis +   a - +3 falchion
rCold   . . .      Faith    .   (no shield)
rNeg    . . .      Spirit   .   q - +2 leather armour {rF+}
rPois   .          Reflect  .   (helmet unavailable)
rElec   .          Harm     .   (no cloak)
rCorr   .          Rampage  .   F - +0 pair of gloves
Will    .....                   (no boots)
Stlth   ++........              (no amulet)
HPRegen 0.21/turn               H - ring of protection from fire
MPRegen 0.14/turn               C - +6 ring of strength

@: no status effects
A: permanent stasis, dig shafts and tunnels, antennae 3, four strong arms
a: Dig, Shaft Self


You were on level 8 of the Dungeon.
You visited 2 branches of the dungeon, and saw 9 of its levels.

You collected 212 gold pieces.
You spent 12 gold pieces at shops.

Inventory:

Hand Weapons
 a - a +3 falchion (weapon)
 r - a +0 spear
 s - a +0 dagger of protection
 x - a +0 vorpal spear
 y - a +2 falchion
Missiles
 c - 18 poisoned darts (quivered)
 n - 10 boomerangs
 D - a curare-tipped dart
 K - 8 javelins
Armour
 q - a +2 leather armour of fire resistance (worn)
 F - a +0 pair of gloves (worn)
Jewellery
 v - a ring of positive energy
 C - a +6 ring of strength (right hand)
 H - a ring of protection from fire (left hand)
Wands
 b - a wand of flame (23)
 l - a wand of iceblast (8)
 G - a wand of paralysis (8)
Scrolls
 d - a scroll of blinking {unknown}
 e - 2 scrolls of noise {unknown}
 f - a scroll of amnesia {unknown}
 g - a scroll of fog {unknown}
 h - 2 scrolls of magic mapping {unknown}
 i - 3 scrolls of teleportation {unknown}
 k - a scroll of brand weapon {unknown}
 m - 3 scrolls of identify {unknown}
 p - a scroll of summoning {unknown}
 t - a scroll of enchant weapon {unknown}
 w - 3 scrolls of enchant armour {unknown}
 I - a scroll of vulnerability {unknown}
Potions
 j - a potion of lignification
 o - 3 potions of curing {unknown}
 u - a potion of heal wounds {unknown}
 z - a potion of cancellation {unknown}
 A - a potion of mutation {unknown}
 B - a potion of flight {unknown}
 E - a potion of brilliance {unknown}
 J - a potion of berserk rage {unknown}


   Skills:
 * Level 4.6 Fighting
 * Level 6.8 Long Blades
 + Level 1.7 Throwing
 + Level 5.1 Armour
 + Level 2.2 Dodging
 + Level 2.9 Stealth
 * Level 4.1 Spellcasting
 + Level 3.1 Conjurations
 * Level 2.8 Necromancy
 + Level 1.0 Translocations
 + Level 1.9 Transmutations
 + Level 1.1 Invocations
 + Level 2.2 Evocations


You had 10 spell levels left.
You knew the following spells:

 Your Spells              Type           Power      Damage    Failure   Level
a - Apportation           Tloc           12%        N/A       13%         1
d - Vampiric Draining     Necr           12%        2d6       19%         3
e - Searing Ray           Conj           26%        2d5       8%          2

Your spell library contained the following spells:

 Spells                   Type           Power      Damage    Failure   Level
 Sublimation of Blood     Necr           12%        N/A       9%          2
 Foxfire                  Conj/Fire      32%        2x1d5     10%         1
 Static Discharge         Conj/Air       8%         N/A       16%         2
 Slow                     Hex            12%        N/A       19%         1
 Conjure Flame            Conj/Fire      8%         6-21      30%         3
 Gell's Gravitas          Tloc           6%         N/A       36%         3
 Portal Projectile        Hex/Tloc       8%         N/A       43%         3
 Call Canine Familiar     Summ           3%         N/A       50%         3
 Confusing Touch          Hex            3%         N/A       50%         3
 Inner Flame              Hex/Fire       3%         N/A       50%         3
 Flame Wave               Conj/Fire      8%         2d5       69%         4
 Petrify                  Tmut/Erth      6%         N/A       77%         4
 Leda's Liquefaction      Hex/Erth       1%         N/A       88%         4
 Irradiate                Conj/Tmut      5%         3d15      88%         5
 Dispersal                Tloc           3%         N/A       100%        6
 Malign Gateway           Summ/Tloc      2%         N/A       100%        7
 Disjunction              Tloc           3%         N/A       100%        8


Dungeon Overview and Level Annotations

Branches:
Dungeon (8/15)             Temple (1/1) D:7
   Lair: D:8-11

Altars:
Ashenzari
Cheibriados
Elyvilon
Fedhas
Gozag
Hepliaklqana
Kikubaaqudgha
Makhleb
Okawaru
Qazlal
Ru
Trog
Uskayaw
Vehumet
Wu Jian
Xom
Yredelemnul
Zin
The Shining One

Shops:
D:3 !   D:6 (

Annotations:
D:4 Menkaure, Pikel


Innate Abilities, Weirdness & Mutations

You cannot be hasted, slowed, berserked, paralysed or teleported.
You can dig through walls and to a lower floor.
You have a pair of large antennae on your head. (SInv)
Your four strong arms can wield two-handed weapons with a shield.


Message History

The hornet zombie is moderately damaged.
The hornet zombie hits you.
You barely miss the hornet zombie.
The hornet zombie is moderately damaged.
The hornet zombie misses you.
You hit the hornet zombie.
The hornet zombie is moderately damaged.
The hornet zombie misses you.
You hit the hornet zombie.
The hornet zombie is moderately damaged.
The hornet zombie closely misses you.
The hornet zombie hits you but does no damage.
You closely miss the hornet zombie. You punch the hornet zombie.
The hornet zombie is heavily damaged.
The hornet zombie hits you!
You completely miss the hornet zombie.
The hornet zombie is heavily damaged.
The hornet zombie completely misses you.
You hit the hornet zombie.
The hornet zombie is heavily damaged.
The hornet zombie closely misses you.
You hit the hornet zombie.
The hornet zombie is heavily damaged.
The hornet zombie barely misses you. The hornet zombie hits you!
* * * LOW HITPOINT WARNING * * *
You slash the hornet zombie!
The hornet zombie is severely damaged.
The hornet zombie hits you but does no damage.
Your magical contamination has completely faded away.
You completely miss the hornet zombie.
The hornet zombie is severely damaged.
The hornet zombie hits you!
* * * LOW HITPOINT WARNING * * *
Are you sure you want to shaft yourself?
The hornet zombie hits you but does no damage.
You begin to dig a shaft.
You continue digging a shaft.
The hornet zombie hits you!
* * * LOW HITPOINT WARNING * * *
The hornet zombie hits you!
You die...

#.###.#### .......
#.# #.# ##oZ.....
#)###.# #...{....
......# #(# #.##..#
#(# #.##### ##.# #.#
#..# #.# ####.## #.#
####.@Z.#
#.##########....####
.............####
############## #
###### #..>.# #....#
#....# #..[.#


You could see a hornet zombie.

Vanquished Creatures
  Sigmund (D:2)
  A steam dragon (D:6)
  A sky beast (D:7)
  A hornet zombie (D:7)
  3 ogres
  A necrophage (D:7)
  4 lemures
  A phantom (D:6)
  2 kobold brigands
  A bullfrog (D:7)
  2 scorpions (D:5)
  A water moccasin zombie (D:5)
  A howler monkey (D:8)
  A hound (D:5)
  A centaur zombie (D:7)
  2 orc priests (D:8)
  4 iguanas
  6 orc wizards
  A killer bee zombie (D:8)
  A howler monkey zombie (D:8)
  A howler monkey skeleton (D:4)
  7 gnolls
  8 adders
  A white imp (D:7)
  An ufetubus (D:4)
  2 worms (D:2)
  5 dart slugs
  21 orcs
  6 ball pythons
  8 endoplasms
  4 giant cockroaches
  12 goblins
  3 hobgoblins
  10 jackals
  6 quokkas
  5 bats
  3 frilled lizards
  8 kobolds
  5 rats
152 creatures vanquished.

Notes
Turn   | Place    | Note
-------+----------+-------------------------------------------
     0 | D:1      | Esekla the Formicid Wanderer began the quest for the Orb.
     0 | D:1      | Esekla set off with the following items: a +2 falchion, a
                  | wand of flame (5), a +0 leather armour; and the following
                  | spell memorised: Apportation; and the following spells
                  | available to memorise: Portal Projectile
     0 | D:1      | Reached XP level 1. HP: 13/13 MP: 2/2
    98 | D:1      | Reached XP level 2. HP: 5/19 MP: 4/4
   110 | D:1      | Reached skill level 1 in Armour
   576 | D:1      | Reached XP level 3. HP: 23/25 MP: 5/5
   909 | D:2      | Reached XP level 4. HP: 10/31 MP: 6/6
  1209 | D:2      | Found a faded altar of an unknown god.
  1846 | D:2      | Reached skill level 1 in Fighting
  2026 | D:1      | Reached skill level 1 in Transmutations
  2159 | D:2      | Noticed Sigmund
  2168 | D:1      | Reached XP level 5. HP: 37/37 MP: 8/8
  2821 | D:3      | Reached skill level 1 in Conjurations
  3122 | D:3      | Found Decupo's Distillery.
  3125 | D:3      | Bought a potion of degeneration for 12 gold pieces
  3147 | D:3      | Reached XP level 6. HP: 17/43 MP: 9/9
  3575 | D:3      | Noticed an ice beast
  3861 | D:4      | Noticed an ogre
  3913 | D:4      | Noticed Menkaure
  4012 | D:3      | You fall into a shaft and drop 3 floors!
  4014 | D:6      | Found Xesauwuz's Antique Weapon Boutique.
  4016 | D:5      | Entered Level 5 of the Dungeon
  4024 | D:5      | Noticed an ogre
  4211 | D:4      | Reached skill level 1 in Dodging
  4394 | D:4      | Found a glowing golden altar of the Shining One.
  4394 | D:4      | Found a basalt altar of Yredelemnul.
  4399 | D:4      | Found an ornate altar of the Wu Jian Council.
  4401 | D:4      | Found a faded altar of an unknown god.
  4402 | D:4      | Found a stormy altar of Qazlal.
  4499 | D:4      | Noticed Pikel
  5041 | D:4      | You fall into a shaft and drop 2 floors!
  5041 | D:6      | Noticed a sky beast
  5085 | D:5      | You fall into a shaft and drop 1 floor!
  5512 | D:6      | Learned a level 3 spell: Vampiric Draining
  5530 | D:6      | Reached XP level 7. HP: 33/49 MP: 10/10
  5712 | D:5      | Reached skill level 5 in Long Blades
  5783 | D:5      | Got the Tome of Attacks and Displacement
  5812 | D:5      | Learned a level 2 spell: Searing Ray
  6118 | D:5      | Found a radiant altar of Vehumet.
  6183 | D:5      | Found a sacrificial altar of Ru.
  6543 | D:5      | Reached skill level 1 in Necromancy
  6543 | D:5      | Reached XP level 8. HP: 42/57 MP: 6/12
  6707 | D:5      | You fall into a shaft and drop 3 floors!
  6713 | D:8      | HP: 2/57 [poisoned by a scorpion]
  7018 | D:8      | Identified the +1 leather armour "Bumudgh" {Harm Dex-2
                  | Stlth+}
  7504 | D:7      | Found a bloodstained altar of Trog.
  7591 | D:7      | Found an ancient bone altar of Kikubaaqudgha.
  7754 | D:7      | Found a staircase to the Ecumenical Temple.
  7763 | Temple   | Entered the Ecumenical Temple
  8013 | D:6      | Reached skill level 1 in Throwing
  8200 | D:5      | Reached skill level 6 in Long Blades
  8784 | D:4      | You fall into a shaft and drop 3 floors!
  8899 | D:7      | Reached XP level 9. HP: 33/65 MP: 8/14
  9307 | D:2      | Killed Sigmund
  9966 | D:4      | You fall into a shaft and drop 3 floors!
 10410 | D:7      | Reached skill level 5 in Armour
 11083 | D:8      | Noticed a kobold demonologist
 11190 | D:8      | Identified the +1 robe "Zuahuvi" {Harm}
 11280 | D:8      | Identified the +3 short sword of Sharkskin {freeze, *Rage
                  | rPois rCorr}
 11325 | D:8      | Slain by a hornet zombie

Illustrated notes

Levels and vault maps discovered:
D:1:      lemuel_arrival_hallway, layout_rooms
D:2:      layout_basic, dreamdust_ecumenical_altar_angels_and_demons,
          kennysheep_generic_room_5, uniq_sigmund
D:3:      layout_loops_corners, serial_shops, nicolae_shop_behind_doors
D:4:      layout_basic, chequers_temple_overflow_minitemple,
          grunt_ministairs_14, minmay_misc_feat_tiny, serial_bayou_pond_e,
          minmay_pentomino_pile, uniq_menkaure, uniq_pikel
D:5:      layout_basic, nicolae_vehumet_altar_sigil,
          nicolae_ru_the_path_less_chosen
D:6:      layout_loops_ring, serial_shops, shop, nicolae_lakefront_shop,
          nrook_pool_corridor, hangedman_decor_diamond_cutter, uniq_eustachio
D:7:      layout_basic, mainiacjoe_overflow_six_doors_small,
          general_overflow_altar, minmay_temple_entry_purple_smoke
D:8:      layout_rooms
Temple:   cyrus_circular_temple

Skill      XL: |  1  2  3  4  5  6  7  8  9 |
---------------+----------------------------+-----
Armour         | 1 2 3 4 5 |  5.1
Fighting       | 1 2 3 4 |  4.6
Spellcasting   | 2 3 4 |  4.1
Transmutations | 1 |  1.9
Conjurations   | 1 2 3 |  3.1
Dodging        | 1 2 |  2.2
Stealth        | 2 |  2.9
Long Blades    | 5 6 |  6.8
Necromancy     | 1 2 |  2.8
Throwing       | 1 |  1.7
Translocations | |  1.0
Invocations    | |  1.1
Evocations     | |  2.2

Action                   |  1- 3 |  4- 6 |  7- 9 || total
-------------------------+-------+-------+-------++-------
Melee: Falchion          |    58 |   208 |   276 ||   542
       Dagger            |       |    18 |     2 ||    20
       Punch             |       |     2 |     4 ||     6
Throw: Boomerang         |       |     6 |     8 ||    14
       Dart              |       |       |    25 ||    25
 Cast: Apportation       |       |     1 |     1 ||     2
       Searing Ray       |       |       |    15 ||    15
       Vampiric Draining |       |       |     5 ||     5
 Abil: Shaft Self        |       |     3 |     4 ||     7
  Use: Potion            |       |       |     2 ||     2
 Stab: Sleeping          |       |     5 |     1 ||     6
       Distracted        |       |       |     1 ||     1
Armor: Leather armour    |     7 |    63 |    80 ||   150
       Skin              |       |       |    11 ||    11
Dodge: Dodged            |    30 |   146 |   148 ||   324
